 Dungeon Crawl Stone Soup version 0.23.2-40-g277498a001 (webtiles) character file.

Game seed: 10338078759241401537

10 Descartes the Gusty (level 2, -5/14 HPs)
             Began as a Vine Stalker Air Elementalist on Sept 1, 2019.
             Slain by a gnoll
             ... wielding a +0 spear
              (11 damage)
             ... on level 1 of the Dungeon.
             The game lasted 00:01:57 (511 turns).

Descartes the Gusty (Vine Stalker Air Elementalist)  Turns: 511, Time: 00:01:57

Health: -5/14      AC:  2    Str: 10    XL:     2   Next: 20%
Magic:  0/6        EV: 12    Int: 15    God:
Gold:   7          SH:  0    Dex: 14    Spells: 4/5 levels left

rFire    . . .     SeeInvis .   g - +2 dagger (speed)
rCold    . . .     Gourm    .   (no shield)
rNeg     . . .     Faith    .   a - +0 robe
rPois    .         Spirit   +   (no helmet)
rElec    .         Reflect  .   (no cloak)
rCorr    .         Harm     .   (no gloves)
MR       .....                  (no boots)
Stlth    ++........             (no amulet)
HPRegen  0.04/turn              (no ring)
MPRegen  0.10/turn              (no ring)

@: no status effects
A: fangs 2, magic shield, antimagic bite, no potion heal 3, rot immunity
a: no special abilities


You were on level 1 of the Dungeon.
You were not hungry.

You visited 1 branch of the dungeon, and saw 1 of its levels.

You collected 7 gold pieces.

Inventory:

Hand Weapons
 g - a +2 dagger of speed (weapon)
Missiles
 d - 33 stones (quivered)
Armour
 a - a +0 robe (worn)
 e - a +0 shield
Scrolls
 f - a scroll of random uselessness {unknown}
Comestibles
 c - a ration


   Skills:
 + Level 0.4 Fighting
 + Level 0.1 Armour
 + Level 1.6 Dodging
 + Level 2.5 Stealth
 + Level 0.1 Shields
 + Level 0.2 Unarmed Combat
 + Level 2.3 Spellcasting
 + Level 1.2 Conjurations
 + Level 3.0 Air Magic


You had 4 spell levels left.
You knew the following spells:

 Your Spells              Type           Power        Failure   Level  Hunger
a - Shock                 Conj/Air       #...         9%          1    #......

Your spell library contained the following spells:

 Spells                   Type           Power        Failure   Level  Hunger
 Swiftness                Chrm/Air       #.......     17%         2    ###....
 Static Discharge         Conj/Air       #.......     26%         3    ###....
 Airstrike                Air            ##........   52%         4    #####..
 Lightning Bolt           Conj/Air       #.........   94%         5    ######.


Dungeon Overview and Level Annotations

Branches:
Dungeon (1/15)

Altars:


Innate Abilities, Weirdness & Mutations

You have extremely sharp teeth.
When hurt, damage is shared between your health and your magic reserves.
Your bite disrupts and absorbs the magic of your enemies.
Potions cannot restore your health.
You are immune to rotting.


Message History

Aiming: Shock (safe; 9% risk of failure)
Press: ? - help, Shift-Dir - straight line, f/p - gnoll
Aim: a gnoll, wielding a +0 spear (moderately wounded)
The zap misses the gnoll.
The gnoll hits you from afar with a +0 spear.
Casting: Shock (safe; 9% risk of failure)
Confirm with . or Enter, or press ? or * to list all spells.
Aiming: Shock (safe; 9% risk of failure)
Press: ? - help, Shift-Dir - straight line, f/p - gnoll
Aim: a gnoll, wielding a +0 spear (moderately wounded)
The zap hits the gnoll.
The gnoll is heavily wounded.
The gnoll hits you from afar with a +0 spear.
Casting: Shock (safe; 9% risk of failure)
Confirm with . or Enter, or press ? or * to list all spells.
You don't have enough magic to cast that spell.
Unknown command.
The gnoll hits you with a +0 spear!
Ouch! That really hurt!
You die...

b..###.......# #.#
#...........# #.#.# #
#....).....# #.#.#....#
#...##.†...# #.#.#....#
#..
#.....##########.#.#....#
##
#................#.#....#
#......#######..)#.#....#
#.###..#######...#.#....#
#.# #..g@......#.#.#....#
.#.###.########.#.#......#
.......#......#.#.#.......
.......#.####.#.#.#.....##
.......#.#<.#.#.#.........
.......#.#....#.##########
.......#.######.#
.......#.÷......###
#..######...#


You could see a gnoll.

Vanquished Creatures
  A giant cockroach (D:1)
  A goblin (D:1)
  2 hobgoblins (D:1)
  4 kobolds (D:1)
  A rat (D:1)
9 creatures vanquished.

Notes
Turn   | Place    | Note
-------+----------+-------------------------------------------
     0 | D:1      | Descartes the Vine Stalker Air Elementalist began the quest
                  | for the Orb.
     0 | D:1      | Reached XP level 1. HP: 9/9 MP: 4/4
   421 | D:1      | Reached XP level 2. HP: 13/13 MP: 0/6
   511 | D:1      | Slain by a gnoll

Action                   || total
-------------------------++-------
Melee: Unarmed           ||     2
 Cast: Shock             ||    23
Armor: Robe              ||     1
Dodge: Dodged            ||     3
